 Dungeon Crawl Stone Soup version 0.23-a0-78-gc252fe1 (webtiles) character file.

77619 galech the Cleaver (level 15, -2/183 HPs)
             Began as a Demonspawn Berserker on Aug 10, 2018.
             Was the Champion of Trog.
             Killed from afar by a deep elf mage (27 damage)
             ... with a bolt of fire
             ... on level 1 of the Elven Halls.
             The game lasted 00:44:04 (22968 turns).

galech the Cleaver (Demonspawn Berserker)          Turns: 22968, Time: 00:44:05

Health: -2/183     AC: 23    Str: 27    XL:     15   Next: 15%
Magic:  15/15      EV:  9    Int:  9    God:    Trog [******]
Gold:   75         SH: 25    Dex: 24    Spells: 14/14 levels left

rFire    . . .     SeeInvis .   C - +8 broad axe (chop)
rCold    + + +     Gourm    .   u - +0 large shield
rNeg     . . .     Faith    .   m - +4 plate armour
rPois    .         Spirit   .   A - +2 hat
rElec    .         Reflect  +   L - +0 cloak
rCorr    .         Harm     .   y - +0 pair of gloves of Joquugau {rC+ MR+}
MR       +++++                  (no boots)
Stlth    ..........             l - +4 amulet of reflection
HPRegen  2.40/turn              Q - ring of Zuggee {+Fly MR+ Str+4}
MPRegen  0.14/turn              n - ring of protection from cold

@: berserking, regenerating, studying Fighting, drained, very quick
A: hooves 2, thin skeletal structure 3, cold resistance 1, powered by death 2
a: Berserk, Trog's Hand, Brothers in Arms, Renounce Religion, Evoke Flight


You were on level 1 of the Elven Halls.
You worshipped Trog.
Trog was exalted by your worship.
You were near starving.

You visited 4 branches of the dungeon, and saw 21 of its levels.

You collected 2085 gold pieces.
You spent 2010 gold pieces at shops.

Inventory:

Hand Weapons
 e - a +5 hand axe of flaming
 C - a +8 broad axe of chopping (weapon)
Armour
 m - a +4 plate armour (worn)
 u - a +0 large shield (worn)
 y - the +0 pair of gloves of Joquugau (worn) {rC+ MR+}
   (You bought it in a shop on level 2 of the Orcish Mines)

   It protects you from cold.
   It affects your resistance to hostile enchantments.
 A - a +2 hat (worn)
 B - a +1 chain mail of cold resistance
 H - the +0 robe of Time Monsters {rElec}
   (You found it on level 4 of the Lair of Beasts)

   It insulates you from electricity.
 L - a +0 cloak (worn)
 Z - a +2 chain mail of fire resistance
Jewellery
 d - an uncursed amulet of magic regeneration
 f - an uncursed ring of flight
 l - a +4 amulet of reflection (around neck)
 n - a ring of protection from cold (right hand)
 v - an uncursed amulet of the acrobat
 Q - the ring of Zuggee (left hand) {+Fly MR+ Str+4}
   (You found it on level 2 of the Lair of Beasts)

   [ring of flight]

   It affects your strength (+4).
   It affects your resistance to hostile enchantments.
   It lets you fly.
 R - an uncursed ring of see invisible
 U - a cursed -3 ring of slaying {unknown}
Wands
 s - a wand of digging (23)
Scrolls
 b - 5 scrolls of enchant armour
 h - 13 scrolls of teleportation
 i - 7 scrolls of remove curse
 k - 3 scrolls of fog
 r - 2 scrolls of blinking
 w - 5 scrolls of magic mapping
 D - a scroll of brand weapon {unknown}
 I - 4 scrolls of identify
 J - 2 scrolls of acquirement
 N - 2 scrolls of fear
Potions
 a - 7 potions of curing
 g - 2 potions of resistance {unknown}
 j - 2 potions of magic {unknown}
 o - 2 potions of agility
 p - 2 potions of might {unknown}
 q - a potion of ambrosia {unknown}
 x - 3 potions of cancellation {unknown}
 z - 4 potions of heal wounds {unknown}
 E - 2 potions of mutation {unknown}
 G - 2 potions of brilliance {unknown}
 M - 4 potions of haste
 P - 2 potions of lignification {unknown}
 X - 2 potions of degeneration {unknown}
Books
 S - a manual of Fighting
Comestibles
 c - 38 rations


   Skills:
 * Level 12.7(12.5) Fighting
 - Level 14.1(13.8) Axes
 - Level 10.0(9.7) Armour
 - Level 5.4(5.2) Dodging
 - Level 2.2(2.0) Stealth
 - Level 13.5(13.2) Shields


You had 14 spell levels left.
You didn't know any spells.
Your spell library was empty.

Dungeon Overview and Level Annotations

Branches:
Dungeon (12/15)            Temple (0/1) D:4            Lair (6/6) D:9
  Swamp (0/4) Lair:3        Snake (0/4) Lair:3        Slime (0/5) Lair:5
    Orc (2/2) D:11            Elf (1/3) Orc:2

Altars:
Ashenzari
Okawaru
Vehumet
Wu Jian
Xom
Beogh
Jiyva

Shops:
D:4 (   D:6 :   Orc:1 [   Orc:2 *[(=!*


Innate Abilities, Weirdness & Mutations

You have hoof-like feet.
You have an unnaturally thin skeletal structure. (Dex +6, Stealth++)
Your flesh is cold resistant. (rC+)
You regenerate health from kills.


Message History

Unknown command.
The halberd of chopping hits you!
* * * LOW HITPOINT WARNING * * *
x2 The deep elf mage points at you and mumbles some strange words.
The bolt of lightning hits you!
* * * LOW HITPOINT WARNING * * *
Found a scroll of fear.
You see here a rapier.
You slice the halberd of chopping!!
You feel the power of Trog in you as your rage grows.
The halberd of chopping falls from the air.
Trog accepts your kill. You block the deep elf mage's attack.
Found a helmet.
Unknown command.
You barely miss the deep elf mage. You kick the deep elf mage!!
The deep elf mage is heavily wounded.
The deep elf mage gestures at you while chanting.
The bolt of fire hits you!
You die...

.# .. .... #?.#.
.[.# .:#.# #...#
##...##....#
.........#.#
#..§§e#..#
#.e)##.# #..@)).#
#########
#..#.#..#
#........ ....
#.#..# #.#####.#
##..
##.#..####..(.##.#
..#
#..........###.#.#
. .#......###.##
##..#
.##.[...##.##
##.##
.........#.## ##.#
.####.##.#.# #.#


You could see 2 deep elf magi.

Vanquished Creatures
  Kirke (Lair:4)
  3 orc warlords
  A stone giant (Orc:2)
  A deep elf demonologist (Elf:1)
  The ghost of nikopol the Eclecticist, a journeyman DEFE of Vehumet (Orc:2)
  A fire dragon (Lair:6)
  Josephine (Lair:4)
  Harold (D:7)
  7 hydras
  A two-headed ogre (D:10)
  2 death yaks (D:12)
  2 dancing weapons (Elf:1)
  An orc high priest (Orc:2)
  Nergalle (D:11)
  An unseen horror (D:12)
  A swamp dragon (Lair:6)
  7 deep elf magi (Elf:1)
  4 orc knights
  3 orc sorcerers
  2 ugly things
  3 wolf spiders
  A cyclops (D:12)
  An oklob plant (Lair:2)
  5 elephants (Lair:4)
  A manticore (D:12)
  15 black mambas
  A guardian serpent (Lair:6)
  9 spiny frogs
  A torpor snail (Lair:2)
  7 komodo dragons
  5 rime drakes
  5 tyrant leeches
  8 trolls
  2 hornets (Lair:6)
  Prince Ribbit (D:7)
  5 blink frogs (Lair:4)
  A hippogriff (Lair:6)
  7 dream sheep (Lair:6)
  4 redbacks (Lair:6)
  6 wraiths
  8 basilisks
  38 yaks
  15 wyverns
  2 hungry ghosts
  A human (D:7)
  11 hogs
  7 swamp worms (Lair:2)
  5 wargs
  28 water moccasins
  3 acid dragons
  14 porcupines
  2 swamp drakes (Lair:6)
  33 orc warriors
  3 ice beasts
  A sky beast (D:7)
  2 black bears
  6 ogres
  5 phantoms
  2 eyes of draining
  3 centaurs
  17 wolves
  2 big kobolds
  5 crocodiles
  A gnoll sergeant (D:9)
  14 bullfrogs
  A wyvern zombie (D:10)
  6 scorpions
  2 troll zombies (D:11)
  An electric eel (D:12)
  2 crimson imps
  A bullfrog zombie (D:9)
  18 orc priests
  A quasit (D:8)
  5 jellies
  4 centaur skeletons
  7 hounds
  4 bullfrog skeletons
  Natasha (thrice) (D:2)
  An iguana (D:6)
  8 worker ants
  24 orc wizards
  4 ogre zombies (D:11)
  A hound zombie (D:6)
  Robin (D:2)
  2 worker ant zombies
  3 gnolls (D:9)
  18 adders
  5 shadow imps
  2 oozes
  An adder skeleton (D:9)
  A worm (D:6)
  A dart slug (D:1)
  3 leopard geckos
  89 orcs
  9 giant cockroaches
  21 goblins
  9 hobgoblins
  2 jackals (D:6)
  7 quokkas
  2 ball pythons
  10 bats
  6 frilled lizards
  A goblin skeleton (D:11)
  4 goblin zombies (D:11)
  A hobgoblin zombie (D:11)
  17 kobolds
  An orc skeleton (D:11)
  12 orc zombies (D:11)
  A quokka skeleton (D:5)
  A quokka zombie (D:7)
  5 rats
  2 butterflies (Lair:6)
  3 fungi (D:9)
  3 plants
694 creatures vanquished.

Vanquished Creatures (others)
  Nessos (Lair:5)
  Sonja (D:11)
  A centaur (D:10)
  A kobold (D:10)
  17 fungi
  8 plants
29 creatures vanquished.

Grand Total: 723 creatures vanquished

Notes
Turn   | Place    | Note
-------+----------+-------------------------------------------
     0 | D:1      | galech the Demonspawn Berserker began the quest for the Orb.
     0 | D:1      | Reached XP level 1. HP: 18/18 MP: 1/1
   227 | D:1      | Gained mutation: You have a somewhat thin skeletal structure. (Dex +2, Stealth) [demonic ancestry]
   227 | D:1      | Reached XP level 2. HP: 22/24 MP: 2/2
   377 | D:1      | Reached skill level 3 in Axes
   930 | D:2      | Gained mutation: You have large cloven feet. [demonic ancestry]
   930 | D:2      | Reached XP level 3. HP: 14/29 MP: 3/3
  1448 | D:2      | Reached ** piety under Trog
  1565 | D:2      | Noticed Natasha
  1575 | D:2      | Killed Natasha
  1575 | D:2      | Reached XP level 4. HP: 14/35 MP: 4/4
  1947 | D:2      | Noticed Robin
  1963 | D:2      | Killed Robin
  2031 | D:2      | Noticed Natasha
  2043 | D:2      | Killed Natasha
  2043 | D:2      | Reached skill level 1 in Stealth
  2240 | D:2      | Noticed Natasha
  2252 | D:2      | Killed Natasha
  2252 | D:2      | Reached XP level 5. HP: 27/42 MP: 5/5
  3049 | D:4      | Reached skill level 1 in Shields
  3055 | D:4      | Reached skill level 4 in Axes
  3139 | D:4      | Found a staircase to the Ecumenical Temple.
  3145 | D:4      | Found Conale Aroo's Antique Weapon Boutique.
  3161 | D:4      | Reached *** piety under Trog
  3188 | D:4      | Gained mutation: Your flesh is cold resistant. (rC+) [demonic ancestry]
  3188 | D:4      | Reached XP level 6. HP: 44/48 MP: 6/6
  3396 | D:5      | Entered Level 5 of the Dungeon
  3863 | D:5      | Noticed a wyvern
  3888 | D:4      | Killed a wyvern
  3888 | D:4      | Gained mutation: You regenerate a little health from kills. [demonic ancestry]
  3888 | D:4      | Reached XP level 7. HP: 21/54 MP: 7/7
  4107 | D:5      | Reached skill level 5 in Axes
  4368 | D:5      | Got an ichor-stained morningstar {crush}
  4370 | D:5      | Identified the cursed +1 morningstar of the Fool {crush, *Rage rPois Int+2 Stlth+} (You took it off an orc on level 5 of the Dungeon)
  4401 | D:4      | Bought a runed hand axe for 180 gold pieces
  4427 | D:5      | Found a shattered altar of Ashenzari.
  4702 | D:6      | Found Oblis's Book Shoppe.
  4725 | D:6      | Reached XP level 8. HP: 51/61 MP: 8/8
  4850 | D:6      | Reached **** piety under Trog
  4852 | D:6      | Reached skill level 6 in Axes
  5049 | D:6      | Found a shattered altar of Ashenzari.
  5550 | D:7      | Reached skill level 5 in Fighting
  5772 | D:7      | Reached skill level 7 in Axes
  5825 | D:7      | Gained mutation: You regenerate health from kills. [demonic ancestry]
  5825 | D:7      | Reached XP level 9. HP: 61/68 MP: 9/9
  5850 | D:7      | Noticed Harold
  5867 | D:7      | Killed Harold
  5867 | D:7      | Reached skill level 5 in Shields
  6023 | D:7      | Noticed Prince Ribbit
  6036 | D:7      | Killed Prince Ribbit
  6192 | D:7      | Reached skill level 8 in Axes
  6198 | D:7      | Reached ***** piety under Trog
  6607 | D:8      | Reached skill level 5 in Armour
  6607 | D:8      | Reached XP level 10. HP: 76/76 MP: 10/10
  7166 | D:8      | Got a translucent leather armour
  7177 | D:8      | Identified the cursed +0 leather armour "Ymiont" {Dex+2} (You found it on level 8 of the Dungeon)
  7298 | D:9      | Reached skill level 9 in Axes
  7317 | D:9      | Found a staircase to the Lair.
  7505 | D:9      | Identified a scroll of acquirement
  7913 | D:10     | Entered Level 10 of the Dungeon
  8053 | D:10     | Received a gift from Trog
  8409 | D:10     | Received a gift from Trog
  8484 | D:10     | Noticed a two-headed ogre
  8495 | D:10     | Killed a two-headed ogre
  8495 | D:10     | Reached XP level 11. HP: 40/84 MP: 11/11
  8614 | D:10     | Reached skill level 10 in Axes
  9139 | Lair:1   | Entered Level 1 of the Lair of Beasts
  9199 | Lair:1   | Noticed a seven-headed hydra
  9208 | Lair:1   | Killed a two-headed hydra
 10806 | Lair:2   | Received a gift from Trog
 10894 | Lair:2   | Noticed an oklob plant
 11334 | Lair:2   | Gained mutation: You have a moderately thin skeletal structure. (Dex +4, Stealth+) [demonic ancestry]
 11334 | Lair:2   | Reached XP level 12. HP: 65/94 MP: 12/12
 11571 | Lair:2   | Reached skill level 5 in Dodging
 12123 | Lair:2   | Reached skill level 11 in Axes
 12155 | Lair:2   | Got an ancient granite ring
 12236 | Lair:3   | Found a shimmering altar of Xom.
 12238 | Lair:3   | Identified the ring of Zuggee {+Fly MR+ Str+4} (You found it on level 2 of the Lair of Beasts)
 12406 | Lair:3   | Found a staircase to the Snake Pit.
 12708 | Lair:3   | Found a staircase to the Swamp.
 13649 | D:11     | Noticed Nergalle
 13670 | D:11     | Killed Nergalle
 13673 | D:11     | Reached skill level 10 in Shields
 13692 | D:11     | Found a staircase to the Orcish Mines.
 13709 | D:11     | Received a gift from Trog
 14050 | D:11     | Noticed Sonja
 14072 | D:11     | Killed Sonja
 14408 | Orc:1    | Entered Level 1 of the Orcish Mines
 14447 | Orc:1    | Noticed an orc warlord
 14630 | Orc:1    | Killed an orc warlord
 14826 | Orc:1    | Found an iron altar of Okawaru.
 14838 | Orc:1    | Found Otuschuo's Armour Boutique.
 15086 | Orc:2    | Entered Level 2 of the Orcish Mines
 15272 | Orc:2    | Noticed an orc warlord
 15298 | Orc:2    | Killed an orc warlord
 15298 | Orc:2    | Gained mutation: You have an unnaturally thin skeletal structure. (Dex +6, Stealth++) [demonic ancestry]
 15298 | Orc:2    | Reached XP level 13. HP: 103/103 MP: 13/13
 15307 | Orc:2    | Reached ****** piety under Trog
 15379 | Orc:2    | Found a radiant altar of Vehumet.
 15390 | Orc:2    | Found Dyczomp's Assorted Antiques.
 15397 | Orc:2    | Noticed a stone giant
 15412 | Orc:2    | Killed a stone giant
 15412 | Orc:2    | Reached skill level 12 in Axes
 15847 | Orc:2    | Reached skill level 10 in Fighting
 16071 | Orc:2    | Noticed an orc warlord
 16200 | Orc:1    | Killed an orc warlord
 16746 | Orc:2    | Received a gift from Trog
 16927 | Orc:2    | Found a roughly hewn altar of Beogh.
 17133 | Orc:2    | Found Docikhas's General Store.
 17165 | Orc:2    | Found Noetyxee's Antique Weapon Boutique.
 17240 | Orc:2    | Found a runed door.
 17250 | Orc:2    | Found Riagair's Distillery.
 17271 | Orc:2    | Found Unnol's Jewellery Boutique.
 17332 | Orc:2    | Found a staircase to the Elven Halls.
 17379 | Orc:2    | Found Fuwuli's Antique Armour Boutique.
 17385 | Orc:2    | Bought a pair of heavily runed gloves for 285 gold pieces
 17390 | Orc:2    | Identified the +0 pair of gloves of Joquugau {rC+ MR+} (You bought it in a shop on level 2 of the Orcish Mines)
 17512 | Orc:2    | Noticed nikopol's ghost (journeyman DEFE)
 17522 | Orc:2    | Killed nikopol's ghost
 18011 | D:12     | Received a gift from Trog
 18731 | Lair:4   | Noticed Kirke
 18744 | Lair:4   | Reached skill level 13 in Axes
 18763 | Lair:4   | Killed Kirke
 18763 | Lair:4   | Gained mutation: You have hoof-like feet. [demonic ancestry]
 18763 | Lair:4   | Reached XP level 14. HP: 111/111 MP: 14/14
 18998 | Lair:4   | Noticed Josephine
 18999 | Lair:4   | Found an ornate altar of the Wu Jian Council.
 19007 | Lair:4   | Killed Josephine
 19373 | Lair:4   | Got a heavily jewelled robe
 19386 | Lair:4   | Identified the +0 robe of Time Monsters {rElec} (You found it on level 4 of the Lair of Beasts)
 19646 | Lair:5   | Found a viscous altar of Jiyva.
 19646 | Lair:5   | Found a staircase to the Slime Pits.
 19725 | Lair:5   | Noticed Nessos
 19732 | Lair:5   | Killed Nessos
 19938 | Lair:5   | Received a gift from Trog
 20327 | Lair:6   | Entered Level 6 of the Lair of Beasts
 21168 | Lair:6   | Reached skill level 14 in Axes
 21511 | Lair:6   | Reached skill level 10 in Armour
 21794 | Lair:6   | Reached XP level 15. HP: 79/119 MP: 15/15
 22523 | D:6      | Bought a manual of Fighting for 1545 gold pieces
 22695 | Elf:1    | Entered Level 1 of the Elven Halls
 22794 | Elf:1    | Received a gift from Trog
 22968 | Elf:1    | Killed from afar by a deep elf mage

Vault maps used:
D:1:      dpeg_chamrin_arrival_tetris, item_on_display_b
D:2:      first_ration, minmay_statues_item, grunt_decor_cap, uniq_natasha,
          uniq_robin
D:3:      minmay_liquid_box
D:4:      cheibrodos_greedy_goblins, minmay_temple_entry_trees, serial_shops,
          shop
D:5:      kennysheep_big_flooded_room, lemuel_crystal_altar, minivault_11
D:6:      serial_curves, eino_curves_03, eino_curves_04, serial_shops, shop,
          evilmike_ruin_ashenzari
D:7:      grunt_livestock, minmay_misc_feat_tower, minmay_tree_intersection,
          serial_park_tiny_2, minivault_19, uniq_harold, uniq_prince_ribbit1
D:9:      due_lair_maze_entry_diamond
D:11:     zombieorc1_lemuel, uniq_nergalle, uniq_sonja
D:12:     argonaut_augean_stables
Lair:1:   hangedman_lair_unloving_vines
Lair:2:   minmay_lair_oklob_items, worms_lemuel
Lair:3:   minmay_swamp_entry_worms, minmay_snake_entry_six_corridors,
          basic_altar, infiniplex_staircase_pool_2, serial_bayou_shore_a
Lair:4:   basic_altar, grunt_megastairs_2, uniq_josephine, uniq_kirke
Lair:5:   dpeg_slime_entry_enclosed_altar, kennysheep_basilisk_garden,
          lemuel_fruit_tree, serial_bayou_shore_b, uniq_nessos
Lair:6:   hangedman_lair_tendril_chambers, guppyfry_lair_end_dragon,
          infiniplex_staircase_pool, lemuel_fruit_fields, serial_bayou_shore_b,
          serial_bayou_shore_b
Orc:1:    serial_shops, nicolae_shop_stone, okawaru_metal_pillars_1_2
Orc:2:    grunt_orc_cross, ebering_ghost_reflecting_pool, basic_altar,
          serial_shops, shop, shop
Elf:1:    eino_elf_arrival_customs, minmay_elf_demonology,
          minmay_strange_pillars

Skill      XL: |  1  2  3  4  5  6  7  8  9 10 11 12 13 14 15 |
---------------+----------------------------------------------+-----
Axes           | 3 4 5 7 8 9 10 11 13 14 | 14.1
Dodging        | 2 3 4 5 |  5.4
Stealth        | 1 2 |  2.2
Armour         | 2 3 4 5 7 8 9 10 | 10.0
Shields        | 1 2 3 4 6 7 9 10 12 13 | 13.5
Fighting       | 4 5 6 7 8 9 10 11 12 | 12.7

Action                   |  1- 3 |  4- 6 |  7- 9 | 10-12 | 13-15 || total
-------------------------+-------+-------+-------+-------+-------++-------
Melee: Hand axe          |   105 |   174 |   264 |   979 |  1047 ||  2569
       Kick              |     6 |    61 |    78 |   376 |   558 ||  1079
       Broad axe         |       |       |       |       |     9 ||     9
Invok: Berserk           |     2 |     4 |     4 |    11 |    11 ||    32
       Trog's Hand       |       |       |       |     2 |     1 ||     3
  Use: Scroll            |       |       |     8 |     8 |     7 ||    23
       Potion            |       |       |       |       |     1 ||     1
 Stab: Sleeping          |     3 |     1 |       |       |       ||     4
  Eat: Chunk             |     3 |    10 |    15 |    28 |    23 ||    79
       Ration            |       |       |       |     3 |     4 ||     7
Armor: Animal skin       |    28 |     3 |       |       |       ||    31
       Ring mail         |       |    24 |    18 |       |       ||    42
       Plate armour      |       |       |    20 |    16 |   265 ||   301
       Chain mail        |       |       |    11 |   167 |     5 ||   183
Dodge: Dodged            |    85 |    63 |    30 |    96 |   135 ||   409
Block: Shield            |    16 |    83 |       |       |       ||    99
       Reflection        |       |     1 |     1 |    19 |    19 ||    40
       Large shield      |       |    38 |   215 |   757 |   975 ||  1985

Table legend:
 A = Non-vault XP
 B = Vault XP
 C = Vault XP percentage of total XP
 D = Non-vault monster count
 E = Vault monster count
 F = Vault count percentage of total count
 G = Total turns spent on level
                 A         B        C        D         E       F
            +---------+---------+-------+---------+---------+-------
      Total |   60280 |   50605 |  45.6 |     472 |     218 |  31.6
            +---------+---------+-------+---------+---------+-------
        D:1 |      36 |       0 |   0.0 |      21 |       0 |   0.0
        D:2 |     127 |      63 |  33.2 |      18 |       7 |  28.0
        D:3 |      33 |       0 |   0.0 |      15 |       0 |   0.0
        D:4 |     123 |     220 |  64.1 |      11 |      13 |  54.2
        D:5 |     697 |     121 |  14.8 |      22 |       1 |   4.3
        D:6 |     639 |       0 |   0.0 |      28 |       0 |   0.0
        D:7 |     907 |    2196 |  70.8 |      27 |       7 |  20.6
        D:8 |    1040 |       0 |   0.0 |      13 |       0 |   0.0
        D:9 |     884 |    1217 |  57.9 |      23 |       9 |  28.1
       D:10 |    4632 |       0 |   0.0 |      42 |       0 |   0.0
       D:11 |    1603 |    1815 |  53.1 |      23 |      30 |  56.6
       D:12 |    3930 |    4175 |  51.5 |      28 |      14 |  33.3
     Lair:1 |    4880 |       0 |   0.0 |      22 |       0 |   0.0
     Lair:2 |    5426 |    2687 |  33.1 |      28 |      11 |  28.2
     Lair:3 |     232 |    2753 |  92.2 |       2 |      17 |  89.5
     Lair:4 |    9455 |    6493 |  40.7 |      31 |      17 |  35.4
     Lair:5 |    3715 |    1915 |  34.0 |       7 |       5 |  41.7
     Lair:6 |    7865 |   12912 |  62.1 |      28 |      43 |  60.6
      Orc:1 |    4076 |    3151 |  43.6 |      27 |       4 |  12.9
      Orc:2 |    7712 |    6064 |  44.0 |      53 |      33 |  38.4
      Elf:1 |    2268 |    4823 |  68.0 |       3 |       7 |  70.0
            +---------+---------+-------+---------+---------+-------
